 Dungeon Crawl Stone Soup version 0.29.0-11-gd7f09526c8 (webtiles) character file.

Game seed: 145423450597011861

108 brainsironically the Trooper (level 4, 0/37 HPs)
             Began as a Palentonga Fighter on Sept 5, 2022.
             Slain by an orc wizard
             ... wielding a +0 dagger
              (4 damage)
             ... on level 3 of the Dungeon.
             The game lasted 00:18:54 (1208 turns).

brainsironically the Trooper (Palentonga Fighter)   Turns: 1208, Time: 00:18:55

Health: 0/37       AC:  6    Str: 21 (23) XL:     4   Next: 58%
Magic:  4/4        EV:  7    Int:  5 (8)  God:
Gold:   160        SH:  4    Dex:  8 (10) Spells: 2/3 levels left

rFire   . . .      SeeInvis +   a - +0 flail
rCold   . . .      Faith    .   c - +0 buckler
rNeg    . . .      Spirit   .   b - +0 scale mail
rPois   .          Reflect  .   (no helmet)
rElec   .          Harm     .   (no cloak)
rCorr   .          Rampage  .   (no gloves)
Will    .....                   (no barding)
Stlth   ..........              i - amulet of regeneration
HPRegen 0.92/turn               (no ring)
MPRegen 0.09/turn               (no ring)

@: brilliant
A: large, rugged brown scales 3, see invisible, deformed body, roll 1, armoured
tail
a: Rolling Charge


You were on level 3 of the Dungeon.
You visited 1 branch of the dungeon, and saw 3 of its levels.

You collected 160 gold pieces.

Inventory:

Hand Weapons
 a - a +0 flail (weapon)
 d - a +0 dagger
 g - a +0 falchion
 k - a +3 whip
 l - a +0 club
 m - a +0 spear
 n - a +0 dagger
 q - a +0 whip of venom
 r - a +0 short sword
 s - a +0 club
 v - a +0 club
Missiles
 e - 11 stones
Armour
 b - a +0 scale mail (worn)
 c - a +0 buckler (worn)
 f - a +0 leather armour
 t - a +0 leather armour
Magical Staves
 h - a staff of cold
Jewellery
 i - an amulet of regeneration (around neck)
Scrolls
 p - a scroll of teleportation
 w - a scroll of identify
Potions
 j - a potion of flight
 o - 3 potions of curing


   Skills:
 + Level 3.5 Fighting
 + Level 3.1 Maces & Flails
 + Level 3.0 Armour
 + Level 0.6 Dodging
 + Level 3.2 Shields


You had 2 spell levels left.
You knew the following spells:

 Your Spells              Type           Power      Damage    Failure   Level
a - Sting                 Tmut/Pois      0%         1d3       87%         1

Your spell library contained the following spells:

 Spells                   Type           Power      Damage    Failure   Level
 Poisonous Vapours        Pois/Air       0%         N/A       95%         2
 Olgreb's Toxic Radiance  Pois           0%         N/A       100%        4


Dungeon Overview and Level Annotations

Branches:
Dungeon (3/15)

Altars:


Innate Abilities, Weirdness & Mutations

You are completely covered in rugged brown scales. (AC +3, +7% HP)
You have supernaturally acute eyesight. (SInv)
Armour fits poorly on your strangely shaped body.
You can roll at nearby foes to attack.
You have a long armoured tail.


Message History

The orc hits you with a +0 flail.
An orc wizard comes into view. It is wielding a +0 dagger.
You hit the orc.
The orc is moderately wounded.
The orc barely misses you. The orc hits you but does no damage.
You sock the orc!
You kill the orc!
The orc hits you with a +0 hand axe. The orc hits you but does no damage.
An orc comes into view. It is wielding a +0 hand axe.
The orc hits you with a +0 flail. The orc hits you with a +0 hand axe.
Things that are here:
a +0 vorpal flail; a +0 ring mail; an orc corpse You thump the orc!
You kill the orc!
You block the orc's attack. The orc hits you with a +0 flail.
The orc wizard gestures at you while chanting.
The puff of flame hits you!
* * * LOW HITPOINT WARNING * * *
Things that are here:
a +0 hand axe; a boomerang; an orc corpse You hit the orc but do no damage.
You tail-slap the orc!
You kill the orc!
The orc wizard hits you with a +0 dagger.
* * * LOW HITPOINT WARNING * * *
The orc wizard hits you but does no damage.
The orc hits you but does no damage.
Things that are here:
a +0 flail; an orc corpse You closely miss the orc.
The orc hits you with a +0 hand axe.
* * * LOW HITPOINT WARNING * * *
You block the orc wizard's attack.
You closely miss the orc.
The orc wizard hits you with a +0 dagger.
* * * LOW HITPOINT WARNING * * *
The orc hits you with a +0 hand axe.
* * * LOW HITPOINT WARNING * * *
You barely miss the orc. The orc hits you but does no damage.
The orc wizard hits you with a +0 dagger.
You die...

######## .........
#......... .
##############.........
..#.....#.....##.........
.......?.......#.........
.......).................
.......)@................
.......oo................
.........................
................###......
........................>
#.......#.....#..###.....
##.[..####.####..# #.....
##..# #.# #..# #..... #.
#.## #.....


You could see an orc wizard and an orc.

Vanquished Creatures
  Terence (D:2)
  A gnoll (D:1)
  2 adders (D:2)
  A worm (D:2)
  3 orcs (D:3)
  3 endoplasms
  6 giant cockroaches
  2 goblins
  4 hobgoblins (D:1)
  3 jackals (D:1)
  A quokka (D:2)
  6 ball pythons
  4 bats
  3 frilled lizards
  4 kobolds
  2 rats (D:1)
46 creatures vanquished.

Vanquished Creatures (collateral kills)
  An endoplasm (D:1)
1 creature vanquished.

Grand Total: 47 creatures vanquished

Notes
Turn   | Place    | Note
-------+----------+-------------------------------------------
     0 | D:1      | brainsironically the Palentonga Fighter began the quest for
                  | the Orb.
     0 | D:1      | Reached XP level 1. HP: 19/19 MP: 1/1
   168 | D:1      | Reached XP level 2. HP: 25/25 MP: 2/2
   272 | D:1      | Learned a level 1 spell: Sting
   301 | D:1      | Reached XP level 3. HP: 31/31 MP: 3/3
   742 | D:2      | Noticed Terence
   757 | D:2      | Killed Terence
   758 | D:2      | Reached XP level 4. HP: 5/37 MP: 4/4
   844 | D:2      | Found a faded altar of an unknown god.
  1208 | D:3      | Slain by an orc wizard

Illustrated notes

Levels and vault maps discovered:
D:1:      tarquinn_simple_flora_water_c, layout_basic
D:2:      layout_rooms, ebering_ecumenical_altar_hall, st_stairs_10,
          minivault_19, dreamdust_princess_corridor, uniq_terence
D:3:      layout_rooms, serial_shops, shop, uniq_sigmund

Skill      XL: |  1  2  3  4 |
---------------+-------------+-----
Shields        | 3 |  3.2
Maces & Flails | 3 |  3.1
Armour         | 3 |  3.0
Fighting       | |  3.5
Dodging        | |  0.6

Action                   |  1- 3 |  4- 6 || total
-------------------------+-------+-------++-------
Melee: Flail             |    81 |    39 ||   120
       Tailslap          |     9 |     5 ||    14
  Use: Scroll            |     3 |       ||     3
       Potion            |     3 |     3 ||     6
Armor: Scale mail        |    45 |    27 ||    72
Dodge: Dodged            |    44 |    12 ||    56
Block: Buckler           |    25 |    11 ||    36
